Map: Prion Terraces

Players

Lizardking - Winner!

  • Race: Protoss Protoss
  • League: Platinum

LilDicky

  • Race: Zerg Zerg
  • League: Diamond

VOD

http://www.twitch.tv/tumescentpie

Description

Time

  • Played on: Dec. 1, 2015, 5:22 p.m.
  • Length: 5:53
Show
View Real Time Build Order
Export as new Build Order

Lizardking Protoss - Winner!

Build Orders: 1 Gate Expand 

Get SALT Encoding   

  12  0:01  Probe (Chrono Boost)  
  13  0:14  Pylon  
  13  0:17  Probe (Chrono Boost)  
  14  0:27  Probe (Chrono Boost)  
  15  0:35  Gateway  
  15  0:38  Probe (Chrono Boost)  
  16  0:49  Probe (Chrono Boost)  
  17  0:59  Probe (Chrono Boost)  
  18  1:16  Nexus  
  18  1:26  Cybernetics Core  
  18  1:30  Assimilator  
  18  1:35  Assimilator  
  18  1:45  Pylon  
  18  1:46  Probe (Chrono Boost)  
  19  1:56  Probe (Chrono Boost)  
  20  2:07  Probe (Chrono Boost)  
  21  2:14  Adept (Chrono Boost)  
  23  2:17  Pylon  
  23  2:19  Warp Gate  
  23  2:22  Pylon  
  23  2:27  Probe  
  23  2:28  Probe  
  25  2:37  Mothership Core  
  25  2:40  Gateway  
  27  2:53  Pylon  
  27  2:58  Probe (Chrono Boost)  
  28  3:01  Probe (Chrono Boost)  
  29  3:09  Probe (Chrono Boost)  
  29  3:12  Probe (Chrono Boost)  
  31  3:14  Pylon  
  31  3:19  Probe (Chrono Boost)  
  32  3:22  Probe (Chrono Boost)  
  33  3:30  Probe (Chrono Boost), Robotics Facility  
  33  3:33  Probe (Chrono Boost)  
  35  3:40  Probe (Chrono Boost)  
  36  3:43  Probe (Chrono Boost), Adept  
  39  3:51  Probe (Chrono Boost)  
  39  3:55  Probe (Chrono Boost)  
  41  3:56  Gateway  
  41  4:01  Probe (Chrono Boost), Pylon  
  42  4:07  Gateway  
  43  4:17  Probe (Chrono Boost)  
  43  4:18  Warp Prism  
  43  4:20  Probe (Chrono Boost)  
  46  4:25  Robotics Bay  
  46  4:28  Assimilator  
  46  4:30  Probe (Chrono Boost)  
  47  4:35  Pylon  
  47  4:36  Probe (Chrono Boost)  
  48  4:40  Assimilator  
  48  4:41  Adept  
  48  4:44  Adept  
  52  4:48  Probe (Chrono Boost)  
  53  4:56  Gateway  
  53  5:00  Probe (Chrono Boost)  
  53  5:06  Adept  
  57  5:11  Disruptor (Chrono Boost), Pylon  
  59  5:14  Pylon  
  59  5:15  Gateway  
  59  5:19  Gateway  
  59  5:21  Probe (Chrono Boost)  
  59  5:27  Sentry x2  
  64  5:32  Adept  
  64  5:33  Adept  
  64  5:51  Stalker x2  
Show
View Real Time Build Order
Export as new Build Order

LilDicky Zerg 

Build Orders: Hatch First 

Get SALT Encoding   

  12  0:01  Drone  
  13  0:10  Drone  
  14  0:20  Drone, Extractor  
  14  0:23  Extractor  
  14  0:24  Drone  
  16  0:44  Hatchery  
  15  1:01  Spawning Pool  
  14  1:06  Drone, Extractor  
  14  1:18  Overlord  
  14  1:37  Drone x3  
  17  1:55  Zergling x2  
  18  2:06  Queen x2  
  22  2:25  Zergling x4  
  24  2:30  Overlord  
  24  2:31  Drone  
  24  2:32  Drone  
  24  2:34  Drone  
  26  3:06  Drone  
  26  3:07  Drone x5  
  26  3:08  Roach Warren  
  31  3:14  Lair  
  31  3:19  Drone  
  32  3:24  Overlord  
  32  3:39  Metabolic Boost  
  32  3:42  Overlord x2  
  32  4:05  Roach x5  
  32  4:06  Roach x2  
  46  4:12  Drone x2, Extractor  
  46  4:13  Drone x2  
  49  4:36  Hatchery  
  48  4:39  Roach x2  
  48  4:41  Overlord  
  48  4:44  Overlord  
  52  5:03  Drone x3  
  55  5:13  Ravager  
  56  5:16  Drone x3  
  59  5:23  Ravager  
  59  5:26  Zergling x6  
Tags
 
Add a new tag
Caveats
  • Supply blocks, unpowered buildings, or Contaminate may cause inaccurate times.
  • Supply counts are checked every 10 seconds.